 Dungeon Sprint DCSS version 0.21.0-24-g2553a33 (webtiles) character file.

2501 letownia2 the Grappler (level 9, -9/89 HPs)
             Began as a Troll Wizard on Jan 20, 2018.
             Was an Initiate of Gozag.
             Mangled by an orc warrior
             ... wielding a +1 short sword of venom
              (17 damage)
             ... in the Dungeon (Sprint III: "The Ten Rune Challenge").
             The game lasted 00:05:09 (716 turns).

letownia2 the Grappler (Troll Wizard)                Turns: 716, Time: 00:05:09

Health: -9/89      AC:  5    Str: 17    XL:     9   Next: 28%
Magic:  9/14       EV: 10    Int: 17    God:    Gozag
Gold:   618        SH:  0    Dex:  8    Spells: 0/16 levels left

rFire    . . .     SeeInvis .     - Unarmed
rCold    . . .     Gourm    +   (no shield)
rNeg     . . .     Faith    .   a - +0 robe
rPois    .         Spirit   .   b - +0 hat
rElec    .         Reflect  .   (no cloak)
rCorr    .         Harm     .   (gloves unavailable)
MR       .....     NoTele   +   (boots unavailable)
Stlth    +.........             (no amulet)
HPRegen  0.64/turn              (no ring)
MPRegen  0.14/turn              (no ring)

@: lethally poisoned (-9 -> -13), gold aura, berserk cooldown, slowed, very slow
A: large, unfitting armour, claws 3, fast metabolism 3, gourmand, regeneration
1, shaggy fur 1, tough skin 2
a: Potion Petition, Call Merchant, Bribe Branch, Renounce Religion


You were in the Dungeon.
You worshipped Gozag.
Gozag was pleased with you.
You were hungry.

You visited 1 branch You collected 618 gold pieces.

Inventory:

Armour
 a - a +0 robe (worn)
 b - a +0 hat (worn)
Wands
 s - a wand of paralysis (10)
Scrolls
 j - a scroll of blinking
 k - a scroll of identify {unknown}
 m - 2 scrolls of torment {unknown}
 n - 2 scrolls of magic mapping {unknown}
 o - 3 scrolls of remove curse
Potions
 e - a potion of curing
 f - a potion of heal wounds
 g - a potion of haste
 h - 2 potions of magic
 i - a potion of berserk rage
 l - 3 potions of mutation {unknown}
 p - 4 potions of flight
 q - a potion of might
Books
 c - a book of Minor Magic

   Spells                             Type                      Level
   a - Magic Dart                     Conjuration                  1
   b - Blink                          Translocation                2
   c - Call Imp                       Summoning                    2
   d - Slow                           Hexes                        2
   e - Conjure Flame                  Conjuration/Fire             3
   f - Mephitic Cloud                 Conjuration/Poison/Air       3
 t - a book of Battle

   Spells                             Type                      Level
   a - Infusion                       Charms                       1
   b - Shroud of Golubria             Charms/Translocation         2
   c - Song of Slaying                Charms                       2
   d - Spectral Weapon                Hexes/Charms                 3
   e - Regeneration                   Charms/Necromancy            3
Miscellaneous
 r - a phantom mirror
Comestibles
 d - 6 rations


   Skills:
 - Level 5.9 Fighting
 - Level 3.4 Dodging
 - Level 1.0 Stealth
 + Level 12.7 Unarmed Combat
 - Level 4.4 Spellcasting
 - Level 4.2 Conjurations
 - Level 6.3 Charms
   Level 0.6 Summonings
 - Level 2.8 Translocations
 - Level 3.1 Fire Magic
 - Level 2.8 Air Magic
 - Level 3.1 Poison Magic


You couldn't memorise any spells.
You knew the following spells:

 Your Spells              Type           Power        Failure   Level  Hunger
a - Magic Dart            Conj           ###.         2%          1    None
b - Blink                 Tloc           N/A          7%          2    ##.....
c - Conjure Flame         Conj/Fire      ###.....     10%         3    ###....
e - Mephitic Cloud        Conj/Pois/Air  ###.....     11%         3    ###....
g - Regeneration          Chrm/Necr      ##........   12%         3    ###....
l - Song of Slaying       Chrm           ####....     1%          2    ##.....
t - Shroud of Golubria    Chrm/Tloc      ###.......   3%          2    ##.....


Dungeon Overview and Level Annotations

Branches:
Dungeon (1/1)

Altars:
Cheibriados
Dithmenos
Elyvilon
Fedhas
Gozag
Hepliaklqana
Kikubaaqudgha
Makhleb
Nemelex Xobeh
Okawaru
Qazlal
Ru
Sif Muna
Trog
Uskayaw
Vehumet
Wu Jian
Xom
Yredelemnul
Zin
The Shining One
Beogh
Jiyva
Lugonu


Innate Abilities, Weirdness & Mutations

You are too large for most types of armour.
You have claws for hands.
Your metabolism is lightning-fast.
You like to eat raw meat.
Your natural rate of healing is unusually fast.
You are covered in fur. (AC +1)
You have very tough skin. (AC +2)


Message History

Unknown command.
You barely miss the orc warrior.
The orc knight roars a battlecry!
The orc warrior goes into a battle-frenzy!
The orc warrior hits you with a short sword of venom!
* * * LOW HITPOINT WARNING * * *
You are poisoned.
Unknown command.
You claw the orc warrior!
The orc warrior is heavily wounded.
You feel sick.
Unknown command.
You scratch the orc warrior.
The orc warrior is heavily wounded.
You are no longer berserk.
You are exhausted.
You feel yourself slow down.
You feel sick.
The orc warrior hits you with a short sword of venom!
You die...
Your body crumbles into a pile of gold.

#.......#..#..#..)#__.#)_#$$.oo
##.##...#..#..###'#'###'##.o.o
##.###..##'#..#..........#oo.
###[##..###...'.⌠....o...#o$$ $$
#..##..####...#...######'#.# $
...##..###....#o⌠.#__#...#o#####
..##...##.....#o.o#__#...#..≈≈≈+
.##....#......#o###__#..o#§#≈≈≈#
###..##.#.....#.@$#__#...'.#§§.#
# #..#####....#___#__'...#.#§§.#
▓ ▓▓▓▓ ▓▓▓▓▓▓▓▓▓▓▓▓▓▓▓▓▓▓▓▓▓▓▓ $


You could see an orc knight, an orc warrior and an orc priest.

Vanquished Creatures
  Snorg (D)
  An orc sorcerer (D)
  A deep elf mage (D)
  A shadow (D)
  A spatial vortex (D)
  An orc warrior (D)
  A necrophage (D)
  A water elemental (D)
  A jelly (D)
  A wizard (D)
  Jessica (D)
  A necromancer (D)
  3 humans (D)
  A kobold demonologist (D)
  A phantom (D)
  3 rats (D)
20 creatures vanquished.

Vanquished Creatures (others)
  2 draconian scorchers (D)
  6 hellions (D)
  2 yaktaurs (D)
  5 plants (D)
15 creatures vanquished.

Grand Total: 35 creatures vanquished

Notes
Turn   | Place    | Note
-------+----------+-------------------------------------------
     0 | D        | letownia2 the Troll Wizard began the quest for the Orb.
     0 | D        | Reached XP level 1. HP: 16/16 MP: 2/2
     9 | D        | Reached skill level 1 in Unarmed Combat
    25 | D        | Noticed Jessica
    48 | D        | Killed Jessica
    48 | D        | Reached skill level 4 in Unarmed Combat
    48 | D        | Reached XP level 2. HP: 27/29 MP: 4/4
    94 | D        | Reached skill level 5 in Unarmed Combat
    94 | D        | Reached XP level 3. HP: 19/36 MP: 5/5
    99 | D        | Learned a level 3 spell: Mephitic Cloud
   104 | D        | Killed a yaktaur
   110 | D        | Killed a hellion
   111 | D        | Killed a hellion
   111 | D        | Killed a hellion
   125 | D        | Noticed a water elemental
   131 | D        | Learned a level 3 spell: Conjure Flame
   132 | D        | Killed a yaktaur
   136 | D        | Killed a water elemental
   136 | D        | Reached skill level 6 in Unarmed Combat
   136 | D        | Reached skill level 1 in Conjurations
   136 | D        | Reached skill level 1 in Fire Magic
   136 | D        | Reached skill level 1 in Air Magic
   136 | D        | Reached skill level 1 in Poison Magic
   136 | D        | Reached XP level 4. HP: 44/44 MP: 2/7
   140 | D        | Learned a level 2 spell: Blink
   160 | D        | Found a glowing silver altar of Zin.
   160 | D        | Found a glowing golden altar of the Shining One.
   160 | D        | Found a white marble altar of Elyvilon.
   161 | D        | Killed a hellion
   175 | D        | Killed a hellion
   180 | D        | Killed a hellion
   185 | D        | Noticed a deep elf mage
   197 | D        | Killed a deep elf mage
   197 | D        | Reached skill level 8 in Unarmed Combat
   197 | D        | Reached XP level 5. HP: 42/54 MP: 2/9
   197 | D        | Reached XP level 6. HP: 49/62 MP: 2/10
   197 | D        | Reached XP level 7. HP: 55/70 MP: 2/11
   251 | D        | Killed a white draconian scorcher
   263 | D        | Noticed a shadow
   272 | D        | Killed a shadow
   286 | D        | Reached skill level 9 in Unarmed Combat
   309 | D        | Killed a white draconian scorcher
   386 | D        | Found a blossoming altar of Fedhas.
   386 | D        | Found a stormy altar of Qazlal.
   387 | D        | Found a snail-covered altar of Cheibriados.
   387 | D        | Found a burning altar of Makhleb.
   387 | D        | Found a hazy altar of Hepliaklqana.
   387 | D        | Found a shimmering altar of Xom.
   387 | D        | Found an opulent altar of Gozag.
   387 | D        | Found a sparkling altar of Nemelex Xobeh.
   387 | D        | Found a corrupted altar of Lugonu.
   387 | D        | Found a viscous altar of Jiyva.
   387 | D        | Noticed a spatial vortex
   391 | D        | Became a worshipper of Gozag Ym Sagoz the Greedy
   408 | D        | Killed a spatial vortex
   408 | D        | Reached skill level 5 in Fighting
   457 | D        | Found a shadowy altar of Dithmenos.
   465 | D        | Found a basalt altar of Yredelemnul.
   465 | D        | Found a sacrificial altar of Ru.
   501 | D        | Found a hide-covered altar of Uskayaw.
   501 | D        | Found an iron altar of Okawaru.
   503 | D        | Found a roughly hewn altar of Beogh.
   503 | D        | Found a bloodstained altar of Trog.
   506 | D        | Found an ornate altar of the Wu Jian Council.
   506 | D        | Noticed a human
   508 | D        | Noticed a human
   514 | D        | Killed a human
   514 | D        | Reached skill level 10 in Unarmed Combat
   514 | D        | Reached XP level 8. HP: 80/81 MP: 9/13
   530 | D        | Found a radiant altar of Vehumet.
   530 | D        | Found a deep blue altar of Sif Muna.
   530 | D        | Found an ancient bone altar of Kikubaaqudgha.
   535 | D        | Reached skill level 11 in Unarmed Combat
   546 | D        | Learned a level 2 spell: Shroud of Golubria
   549 | D        | Learned a level 2 spell: Song of Slaying
   564 | D        | Noticed Snorg
   624 | D        | Killed Snorg
   624 | D        | Reached XP level 9. HP: 89/89 MP: 2/14
   632 | D        | Learned a level 3 spell: Regeneration
   672 | D        | Noticed an orc knight
   672 | D        | Noticed an orc sorcerer
   700 | D        | Noticed a red devil
   707 | D        | Killed an orc sorcerer
   707 | D        | Reached skill level 12 in Unarmed Combat
   716 | D        | Mangled by an orc warrior

Skill      XL: |  1  2  3  4  5  6  7  8  9 |
---------------+----------------------------+-----
Unarmed Combat | 4 5 6 8 10 11 12 | 12.7
Fighting       | 2 4 5 |  5.9
Spellcasting   | 3 4 |  4.4
Conjurations   | 1 3 4 |  4.2
Fire Magic     | 1 3 |  3.1
Air Magic      | 1 2 |  2.8
Poison Magic   | 1 3 |  3.1
Dodging        | 3 |  3.4
Translocations | 2 |  2.8
Charms         | 6 |  6.3
Stealth        | |  1.0
Summonings     | |  0.6

Action                   |  1- 3 |  4- 6 |  7- 9 || total
-------------------------+-------+-------+-------++-------
Melee: Unarmed           |    35 |     7 |    72 ||   114
       Punch             |       |       |     2 ||     2
 Cast: Conjure Flame     |     1 |       |     1 ||     2
       Mephitic Cloud    |       |     2 |     6 ||     8
       Shroud of Golubri |       |       |     1 ||     1
Evoke: Wand              |       |       |     3 ||     3
  Use: Potion            |       |       |     1 ||     1
 Stab: Sleeping          |     1 |       |       ||     1
       Confused          |       |     1 |     1 ||     2
       Paralysed         |       |       |     1 ||     1
  Eat: Chunk             |       |       |     4 ||     4
Armor: Robe              |     4 |       |     4 ||     8
Dodge: Dodged            |    10 |       |    19 ||    29
